 Dungeon Sprint DCSS version 0.17-a0-1778-gd369669 (webtiles) character file.

427 KambridgeKobold the Nimble (level 6, -1/67 HPs)
             Began as a Minotaur Monk on Sept 8, 2015.
             Was a Believer of Okawaru.
             Slain by a slime creature (14 damage)
             ... in the Dungeon (Sprint I: "Red Sonja").
             The game lasted 00:02:40 (829 turns).

KambridgeKobold the Nimble (Minotaur Monk)           Turns: 829, Time: 00:02:40

Health: -1/67      AC: 10    Str: 15    XL:     6   Next: 65%
Magic:  5/5        EV: 17    Int:  7    God:    Okawaru [**....]
Gold:   261        SH:  0    Dex: 15    Spells: 0 memorised, 5 levels left

rFire  . . .     SeeInvis .     j - +3 scythe (protect)
rCold  . . .     Clarity  .     i - +0 ring mail
rNeg   . . .     SustAt   .     (no shield)
rPois  .         Gourm    .     (helmet restricted)
rElec  .         Spirit   .     (no cloak)
rCorr  .         Warding  .     (no gloves)
rMut   .         NoTele   +     (no boots)
MR     .....                    (no amulet)
Stlth  +.........               (no ring)
                                (no ring)

@: not resistant to hostile enchantments, very unstealthy
A: retaliatory headbutt, horns 2
a: Heroism, Renounce Religion


You were in the Dungeon.
You worshipped Okawaru.
Okawaru was pleased with you.
You were not hungry.

You visited 1 branch You collected 316 gold pieces.
You spent 55 gold pieces at shops.

Inventory:

Hand weapons
 j - a +3 scythe of protection (weapon)
Armour
 a - a +0 robe
 i - a +0 ring mail (worn)
Scrolls
 d - a scroll of enchant weapon {unknown}
 h - a scroll of blinking
 l - a scroll of fear
 m - a scroll of identify
Potions
 c - a potion of curing
 e - a potion of haste
 f - 2 potions of magic
 g - a potion of berserk rage
Comestibles
 b - a bread ration
 k - 4 chunks of flesh


   Skills:
 + Level 10.5 Fighting
 * Level 6.8 Polearms
 + Level 0.0 Armour
 - Level 10.6 Dodging
 - Level 1.5 Stealth
 - Level 6.4 Unarmed Combat


You had 5 spell levels left.
You didn't know any spells.

Dungeon Overview and Level Annotations

Branches:
Dungeon (1/1)

Altars:
Cheibriados
Dithmenos
Elyvilon
Fedhas
Gozag
Kikubaaqudgha
Makhleb
Nemelex Xobeh
Okawaru
Qazlal
Ru
Sif Muna
Trog
Vehumet
Xom
Yredelemnul
Zin
The Shining One
Jiyva

Shops:
D *


Innate Abilities, Weirdness & Mutations

You reflexively headbutt those who attack you in melee.
You have a pair of horns on your head.


Message History

You headbutt the slime creature, but do no damage.
The slime creature is heavily wounded.
The slime creature hits you! The slime creature hits you.
You hit the slime creature.
The slime creature is heavily wounded.
The slime creature hits you.
You hit the slime creature.
The slime creature is heavily wounded.
The slime creature completely misses you.
You furiously retaliate!
You headbutt the slime creature. The slime creature misses you.
You slash the slime creature!
The slime creature is almost dead.
The slime creature hits you!
* * * LOW HITPOINT WARNING * * *
The slime creature barely misses you.
You hit the slime creature.
The slime creature is almost dead.
The slime creature hits you!
You die...

################ ##
#<.#..)..#.['..#__#
#..'..#..'..#.@J..+
#..#####'#####'#__#
#..####..#...#[# ##
#..#__####..##.#
#..#_..__##'#..+
#⌠⌠#_.∩...'..._#
####_..._##_.#'#
#_____###+#.#
####### ###


You could see a slime creature.

Vanquished Creatures
  Sigmund (D)
  A yak (D)
  An ogre (D)
  Ijyb (D)
  A jelly (D)
5 creatures vanquished.

Notes
Turn   | Place    | Note
--------------------------------------------------------------
     0 | D        | KambridgeKobold the Minotaur Monk began the quest for the Orb.
     0 | D        | Reached XP level 1. HP: 19/19 MP: 0/0
     1 | D        | Noticed Ijyb
    18 | D        | Killed Ijyb
    18 | D        | Reached skill level 5 in Fighting
    18 | D        | Reached skill level 5 in Dodging
    18 | D        | Reached skill level 5 in Unarmed Combat
    18 | D        | Reached XP level 2. HP: 8/30 MP: 1/1
   231 | D        | Noticed an ogre
   239 | D        | Killed an ogre
   239 | D        | Reached skill level 8 in Fighting
   239 | D        | Reached XP level 3. HP: 4/40 MP: 2/2
   239 | D        | Reached XP level 4. HP: 4/48 MP: 3/3
   512 | D        | Noticed Sigmund
   532 | D        | Killed Sigmund
   532 | D        | Reached skill level 10 in Fighting
   532 | D        | Reached XP level 5. HP: 21/59 MP: 4/4
   532 | D        | Reached XP level 6. HP: 23/67 MP: 5/5
   742 | D        | Found a deep blue altar of Sif Muna.
   743 | D        | Noticed a jelly
   744 | D        | Found a radiant altar of Vehumet.
   748 | D        | Killed a jelly
   780 | D        | Found Teliaq's General Store.
   780 | D        | Found a white marble altar of Elyvilon.
   780 | D        | Found a stormy altar of Qazlal.
   780 | D        | Found a burning altar of Makhleb.
   780 | D        | Found a sacrificial altar of Ru.
   780 | D        | Found a basalt altar of Yredelemnul.
   780 | D        | Found a glowing golden altar of the Shining One.
   780 | D        | Found a sparkling altar of Nemelex Xobeh.
   780 | D        | Found a shimmering altar of Xom.
   780 | D        | Found an opulent altar of Gozag.
   780 | D        | Found an ancient bone altar of Kikubaaqudgha.
   780 | D        | Found a glowing silver altar of Zin.
   780 | D        | Noticed a yak
   784 | D        | Killed a yak
   784 | D        | Reached skill level 10 in Dodging
   785 | D        | Found an iron altar of Okawaru.
   788 | D        | Found a bloodstained altar of Trog.
   792 | D        | Bought a scroll of fear for 35 gold pieces
   792 | D        | Bought a scroll of identify for 20 gold pieces
   794 | D        | Became a worshipper of Warmaster Okawaru
   794 | D        | Acquired Okawaru's first power
   821 | D        | Found a snail-covered altar of Cheibriados.
   821 | D        | Found a viscous altar of Jiyva.
   821 | D        | Found a shadowy altar of Dithmenos.
   821 | D        | Found a blossoming altar of Fedhas.
   821 | D        | Noticed a slime creature
   829 | D        | Slain by a slime creature

Vault maps used:
D:        dungeon_sprint_1

Action                   |  1- 3 |  4- 6 || total
-------------------------+-------+-------++-------
Melee: Unarmed           |    23 |    24 ||    47
       Scythe            |       |     8 ||     8
  Use: Potion            |       |     1 ||     1
